 Dungeon Crawl Stone Soup version 0.21.1-1-g345015f (webtiles) character file.

44 Labyrinth the Firebug (level 3, -4/28 HPs)
             Began as a Draconian Fire Elementalist on July 25, 2018.
             Slain by a worm (5 damage)
             ... on level 2 of the Dungeon.
             The game lasted 00:05:03 (903 turns).

Labyrinth the Firebug (Draconian Fire Elementalist)  Turns: 903, Time: 00:05:04

Health: -4/28      AC:  5    Str: 11    XL:     3   Next: 39%
Magic:  1/6        EV: 12    Int: 15    God:
Gold:   65         SH:  0    Dex: 11    Spells: 0/6 levels left

rFire    . . .     SeeInvis .   o - +0 spear
rCold    . . .     Gourm    .   (no shield)
rNeg     . . .     Faith    .   (armour unavailable)
rPois    .         Spirit   .   (helmet restricted)
rElec    .         Reflect  .   (no cloak)
rCorr    .         Harm     .   (no gloves)
MR       .....                  (no boots)
Stlth    ++........             (no amulet)
HPRegen  0.09/turn              (no ring)
MPRegen  0.10/turn              (no ring)

@: very slightly contaminated, invisible
A: unfitting armour, cold-blooded, AC +5
a: no special abilities


You were on level 2 of the Dungeon.
You were not hungry.

You visited 1 branch of the dungeon, and saw 2 of its levels.

You collected 65 gold pieces.

Inventory:

Hand Weapons
 n - a +0 hand axe
 o - a +0 spear (weapon)
Missiles
 e - 15 sling bullets
 i - 3 stones (quivered)
 l - 20 bolts
Scrolls
 d - a scroll of teleportation
 f - a scroll of immolation
 h - a scroll of random uselessness {unknown}
 j - a scroll of enchant armour {unknown}
 m - a scroll of blinking {unknown}
Potions
 k - a potion of haste {unknown}
Books
 a - a book of Flames

   Spells                             Type                      Level
   a - Flame Tongue                   Conjuration/Fire             1
   b - Throw Flame                    Conjuration/Fire             2
   c - Conjure Flame                  Conjuration/Fire             3
   d - Inner Flame                    Hexes/Fire                   3
   e - Sticky Flame                   Conjuration/Fire             4
   f - Fireball                       Conjuration/Fire             5
Comestibles
 b - 3 rations
 c - a chunk of flesh


   Skills:
 + Level 1.0 Fighting
 + Level 1.9 Dodging
 + Level 1.8 Stealth
 + Level 2.1 Spellcasting
 + Level 1.5 Conjurations
 + Level 3.8 Fire Magic


You couldn't memorise any spells.
You knew the following spells:

 Your Spells              Type           Power        Failure   Level  Hunger
a - Flame Tongue          Conj/Fire      #....        8%          1    #......
b - Throw Flame           Conj/Fire      #.....       11%         2    ###....
c - Conjure Flame         Conj/Fire      #.......     22%         3    ###....


Dungeon Overview and Level Annotations

Branches:
Dungeon (2/15)

Altars:
Okawaru


Innate Abilities, Weirdness & Mutations

Your plain brown scales are hard. (AC +5)
You cannot fit into any form of body armour.
You are cold-blooded and may be slowed by cold attacks.


Message History

You hit the worm.
The worm is severely wounded.
The worm bites you!
* * * LOW HITPOINT WARNING * * *
You fade into invisibility!
Casting: Flame Tongue
Confirm with . or Enter, or press ? or * to list all spells.
Aiming: Flame Tongue
Press: ? - help, Shift-Dir - straight line, f/p - worm
Aim: a worm (heavily wounded)
You miscast Flame Tongue.
Nothing appears to happen.
Casting: Flame Tongue
Confirm with . or Enter, or press ? or * to list all spells.
Aiming: Flame Tongue
Press: ? - help, Shift-Dir - straight line, f/p - worm
Aim: a worm (heavily wounded)
The flame tongue hits the worm.
The worm is severely wounded.
The worm bites you.
You die...

#.# #.#
..#.#
#.#
#.#.# .#
####
#.#.#
....
#.#.#
####
#.#.#
#.#.#
###.#.#
#..@w.#
#.#.#.#
# #.....
###.....
..###.#
### #
###.
....
####


You could see a worm.

Vanquished Creatures
  2 adders (D:2)
  A worm (D:2)
  A leopard gecko (D:1)
  A giant cockroach (D:1)
  5 jackals (D:1)
  2 kobolds (D:1)
  A ball python (D:1)
  A frilled lizard (D:1)
  3 goblins (D:1)
  4 rats
21 creatures vanquished.

Notes
Turn   | Place    | Note
-------+----------+-------------------------------------------
     0 | D:1      | Labyrinth the Draconian Fire Elementalist began the quest for the Orb.
     0 | D:1      | Reached XP level 1. HP: 14/14 MP: 3/3
   172 | D:1      | Reached XP level 2. HP: 18/20 MP: 0/5
   189 | D:1      | Learned a level 2 spell: Throw Flame
   737 | D:2      | Found an iron altar of Okawaru.
   778 | D:2      | Reached XP level 3. HP: 19/26 MP: 3/6
   783 | D:2      | Learned a level 3 spell: Conjure Flame
   838 | D:2      | Reached skill level 1 in Fighting
   899 | D:2      | HP: 1/28 [worm (9)]
   903 | D:2      | Slain by a worm

Skill      XL: |  1  2  3 |
---------------+----------+-----
Fighting       | 1 |  1.0
Dodging        | |  1.9
Stealth        | |  1.8
Spellcasting   | |  2.1
Conjurations   | |  1.5
Fire Magic     | |  3.8

Action                   || total
-------------------------++-------
Melee: Club              ||    25
       Unarmed           ||     3
       Spear             ||    12
       Tailslap          ||     3
 Cast: Flame Tongue      ||    36
  Use: Scroll            ||     2
       Potion            ||     2
  Eat: Chunk             ||     1
Armor: Skin              ||    18
Dodge: Dodged            ||    40
